 Dungeon Crawl Stone Soup version 0.21-a0-496-g696f58f (webtiles) character file.

160 KristoblXynda the Chucker (level 5, -7/30 HPs)
             Began as a Tengu Hunter on Nov 23, 2017.
             Killed by nerve-wracking pain
             ... invoked by an orc priest
              (10 damage)
             ... on level 3 of the Dungeon.
             The game lasted 00:04:26 (2435 turns).

KristoblXynda the Chucker (Tengu Hunter)            Turns: 2435, Time: 00:04:27

Health: -7/30      AC:  4    Str: 13    XL:     5   Next: 41%
Magic:  5/6        EV: 13    Int: 12    God:
Gold:   88         SH:  0    Dex: 14    Spells: 4/4 levels left

rFire    + . .     SeeInvis .   j - +0 dagger (venom)
rCold    + . .     Gourm    .   (no shield)
rNeg     . . .     Faith    .   b - +0 leather armour
rPois    +         Spirit   .   (helmet restricted)
rElec    +         Reflect  .   (no cloak)
rCorr    +         Harm     .   h - +0 pair of gloves
MR       .....                  (boots unavailable)
Stlth    ++........             (no amulet)
HPRegen  0.10/turn              (no ring)
MPRegen  0.10/turn              (no ring)

@: resistant
A: beak, talons 3, able to fly 1
a: Fly


You were on level 3 of the Dungeon.
You were not hungry.

You visited 1 branch of the dungeon, and saw 3 of its levels.

You collected 88 gold pieces.

Inventory:

Hand Weapons
 j - a +0 dagger of venom (weapon)
Missiles
 c - 6 javelins
 d - 3 throwing nets
 v - 4 tomahawks (quivered)
Armour
 b - a +0 leather armour (worn)
 h - a +0 pair of gloves (worn)
 u - a +0 ring mail
Jewellery
 o - an uncursed amulet of magic regeneration
Wands
 l - a wand of paralysis (10)
Scrolls
 e - 3 scrolls of identify
 i - 2 scrolls of remove curse
 k - a scroll of teleportation {unknown}
 r - a scroll of enchant armour {unknown}
Potions
 m - a potion of heal wounds {unknown}
Comestibles
 f - 2 bread rations
 n - 2 royal jellies
 p - 3 fruits


   Skills:
 - Level 2.0 Fighting
 + Level 5.1 Throwing
 + Level 1.4 Armour
 - Level 3.2 Dodging
 + Level 3.1 Stealth


You had 4 spell levels left.
You didn't know any spells.

Dungeon Overview and Level Annotations

Branches:
Dungeon (3/15)

Altars:
Dithmenos
Elyvilon
Gozag
Hepliaklqana
Qazlal
Trog
Uskayaw
Zin
The Shining One


Innate Abilities, Weirdness & Mutations

You have a beak for a mouth.
You have claws for feet.
You can fly.


Message History

o - an uncursed amulet of magic regeneration The orc closely misses you.
Okay, then.
As you read the scroll labeled VYWIGR KATEILEEH, it crumbles to dust.
You hear a loud clanging noise!
It was a scroll of noise.
The orc barely misses you. The orc misses you.
Unknown command.
As you read the scroll labeled QAMELLI WYMIA, it crumbles to dust.
It is a scroll of amnesia.
You feel forgetful for a moment. The orc barely misses you.
The orc hits you with a club.
* * * LOW HITPOINT WARNING * * *
The orc hits you with a flail.
* * * LOW HITPOINT WARNING * * *
Unknown command.
It was a potion of resistance.
You feel protected.
The orc priest invokes the aid of Beogh against you.
Pain shoots through your body!
You die...

####### #########
########.....##### #........
####............#...# #........
................#...### #........
................#.....# #........
...............(###...#####+#....
.......####...oo###[........###'#
.......# #.(.oo@................
......o#####...o.................
.................)...............
.................................
###>.............................
..............####...............
.................#......(...#..##
.................'...............
.........o..#.)..############..##


You could see an orc priest and 4 orcs.

Vanquished Creatures
  An orc priest (D:3)
  Jessica (D:3)
  6 adders
  A dart slug (D:1)
  4 leopard geckos
  2 orcs (D:3)
  A ball python (D:1)
  6 goblins
  5 hobgoblins
  3 jackals (D:1)
  A bat (D:1)
  2 frilled lizards (D:2)
  4 kobolds
  7 rats
44 creatures vanquished.

Notes
Turn   | Place    | Note
-------+----------+-------------------------------------------
     0 | D:1      | KristoblXynda the Tengu Hunter began the quest for the Orb.
     0 | D:1      | Reached XP level 1. HP: 12/12 MP: 2/2
     1 | D:1      | Noticed an electric eel
   187 | D:1      | Reached XP level 2. HP: 12/17 MP: 3/3
   821 | D:1      | Reached XP level 3. HP: 21/21 MP: 4/4
  1472 | D:2      | Reached XP level 4. HP: 26/26 MP: 5/5
  1533 | D:2      | Found a stormy altar of Qazlal.
  1700 | D:2      | Found a hide-covered altar of Uskayaw.
  1717 | D:2      | Found a hazy altar of Hepliaklqana.
  1717 | D:2      | Found a glowing golden altar of the Shining One.
  1717 | D:2      | Found a bloodstained altar of Trog.
  1717 | D:2      | Found an opulent altar of Gozag.
  1718 | D:2      | Found a white marble altar of Elyvilon.
  1718 | D:2      | Found a glowing silver altar of Zin.
  1719 | D:2      | Found a shadowy altar of Dithmenos.
  2226 | D:3      | Reached skill level 5 in Throwing
  2226 | D:3      | Reached skill level 1 in Armour
  2226 | D:3      | Gained mutation: You can fly. [Tengu growth]
  2226 | D:3      | Reached XP level 5. HP: 30/30 MP: 6/6
  2261 | D:3      | Noticed Jessica
  2391 | D:3      | Killed Jessica
  2435 | D:3      | Killed from afar by an orc priest

Vault maps used:
D:1:      arrival_aquarium_a, minivault_11
D:2:      grunt_temple_overflow_open, lemuel_round_altar,
          nicolae_qazlal_general_emergency
D:3:      cheibrodos_ashenzari_chains, first_bread, minmay_misc_feat_room,
          uniq_jessica

Skill      XL: |  1  2  3  4  5 |
---------------+----------------+-----
Stealth        | 2 3 |  3.1
Dodging        | 3 |  3.2
Throwing       | 5 |  5.1
Armour         | 1 |  1.4
Fighting       | |  2.0

Action                   |  1- 3 |  4- 6 || total
-------------------------+-------+-------++-------
Melee: Short sword       |    33 |       ||    33
       Kick              |    14 |     6 ||    20
       Dagger            |    39 |    32 ||    71
       Peck              |     7 |     2 ||     9
Throw: Tomahawk          |       |    10 ||    10
 Abil: Fly               |       |     1 ||     1
  Use: Scroll            |       |     4 ||     4
       Potion            |       |     3 ||     3
 Stab: Sleeping          |     4 |     3 ||     7
  Eat: Chunk             |     2 |     3 ||     5
Armor: Leather armour    |    16 |     9 ||    25
Dodge: Dodged            |    41 |    34 ||    75

Table legend:
 A = Spawn XP
 B = Non-spawn XP
 C = Spawn XP percentage of total XP
 D = Spawn monster count
 E = Non-spawn monster count
 F = Spawn count percentage of total count
 G = Total turns spent on level
                    A         B        C        D         E        F      G
               +---------+---------+-------+---------+---------+-------+---------
         Total |       0 |     229 |   0.0 |       0 |      44 |   0.0 |  2435
               +---------+---------+-------+---------+---------+-------+---------
           D:1 |       0 |      38 |   0.0 |       0 |      20 |   0.0 |  1128
           D:2 |       0 |      71 |   0.0 |       0 |      14 |   0.0 |   678
           D:3 |       0 |     120 |   0.0 |       0 |      10 |   0.0 |   629
               +---------+---------+-------+---------+---------+-------+---------
